 Dungeon Crawl Stone Soup version 0.31-a0-845-g9abc20d24f (console) character file.

Game seed: 4936561961866973384

6 petzl the Sneak (level 2, -1/24 HPs)
             Began as a Formicid Delver on Oct 1, 2023.
             Splashed by a jelly's acid (9 damage)
             ... on level 3 of the Dungeon.
             The game lasted 00:02:03 (222 turns).

petzl the Sneak (Formicid Delver)                    Turns: 222, Time: 00:02:04

Health: -1/24      AC:  3    Str: 16    XL:     2   Next: 0%
Magic:  2/2        EV: 11    Int:  9    God:
Gold:   0          SH:  0    Dex: 15    Spells: 2/2 levels left

rFire   + . .        a - +0 mace
rCold   . . .        (no shield)
rNeg    . . .        h - +2 ring mail {rF+}
rPois   .            (helmet unavailable)
rElec   .            (no cloak)
rCorr   .            (no gloves)
SInv    +            (no boots)
Will    .....        (no amulet)
Stlth   +++          (no ring)
HPRegen 0.24/turn    (no ring)
MPRegen 0.08/turn

%: no passive effects
@: corroded
A: permanent stasis, dig shafts and tunnels, antennae 3, four strong arms
a: Dig, Shaft Self


You were on level 3 of the Dungeon.
You visited 1 branch of the dungeon, and saw 3 of its levels.

Inventory:

Hand Weapons
 a - a +0 mace (weapon)
Armour
 h - a +2 ring mail of fire resistance (worn)
Wands
 f - a wand of digging (3)
Scrolls
 c - a scroll of fog
 d - a scroll of revelation
 g - a scroll of poison {unknown}


   Skills:
 + Level 3.3 Fighting
 - Level 2.0 Maces & Flails
 + Level 0.3 Armour
 + Level 1.8 Dodging
 - Level 6.0 Stealth
 * Level 0.6 Spellcasting
 + Level 0.3 Evocations


You had 2 spell levels left.
You didn't know any spells.
Your spell library was empty.

Dungeon Overview and Level Annotations

Branches:
Dungeon (5/15)
 Temple: D:4-7

Altars:

Annotations:
D:5 exclusion: ufetubus


Innate Abilities, Weirdness & Mutations

You cannot be hasted, slowed, berserked, paralysed or teleported.
You can dig through walls and to a lower floor.
You have a pair of large antennae on your head. (SInv)
Your four strong arms can wield two-handed weapons with a shield.


Message History

The hobgoblin shouts!
The gnoll hits you but does no damage. The gnoll closely misses you.
The hobgoblin hits you but does no damage.
The gnoll hits you with a +0 club.
There is a stone staircase leading up here.
The ball python hisses angrily.
The gnoll hits you with a +0 club.
The hobgoblin hits you but does no damage.
The gnoll hits you from afar with a +0 spear!
You climb upwards.
There is a stone staircase leading down here.
The hobgoblin attacks as it pursues you!
The hobgoblin misses you. The gnoll closely misses you.
As you read the scroll of fear, it crumbles to dust.
You assume a fearsome visage.
The rat looks frightened!
The hobgoblin looks frightened!
The gnoll looks frightened!
There is a stone staircase leading down here.
You sock the rat!
You kill the rat!
You start resting.
HP restored.
You hit the hobgoblin.
You kill the hobgoblin!
You have reached level 2!
You see here a hobgoblin corpse.
A jelly comes into view.
A rat comes into view.
Found a stone staircase leading down.
The jelly quivers.
There is a stone staircase leading down here.
You drop a +0 leather armour.
There is a stone staircase leading down here.
You hit the jelly but do no damage.
Your hands burn!
The jelly hits you but does no damage.
You hit the jelly.
Your hands burn!
The jelly is moderately wounded.
The jelly hits you.
You are splashed with acid!
The jelly hits you. The acid corrodes you!
You are splashed with acid!
You die...

########
#.[@...#
#..J...#
#......#
#......#
#......# #####
#......# #...#
#......# #...#
#......# #...#
####..## #...#
...#...#####...#
{
#.......†.....#
##..#.#####...#
#.##.###.....#
#. #..#..#...#
#r ##...##...#
##.##...#######
#......>#
...####.# ## #.#


You could see a jelly.

Vanquished Creatures
  A hobgoblin (D:3)
  3 jackals (D:4)
  A rat (D:3)
5 creatures vanquished.

Notes
Turn   | Place    | Note
-------+----------+-------------------------------------------
     0 | D:5      | petzl the Formicid Delver began the quest for the Orb.
     0 | D:5      | Reached XP level 1. HP: 18/18 MP: 1/1
   188 | D:3      | Reached XP level 2. HP: 24/24 MP: 2/2
   222 | D:3      | Splashed by a jelly's acid

Illustrated notes

Levels and vault maps discovered:
D:3:      kennysheep_the_goblin_king, layout_rooms, marbit_many_paths
D:4:      layout_rooms, minmay_temple_entry_butterflies,
          gammafunk_ghost_mausoleum, nicolae_shop_self_help, uniq_grinder
D:5:      layout_rooms, makhleb_grotto_becter, nicolae_uskayaw_suspiria,
          nicolae_wormholes, uniq_sigmund

Action                     || total
---------------------------++-------
  Melee: Mace              ||    20
    Use: Scroll            ||     1
 Armour: Ring mail         ||    18
  Dodge: Dodged            ||    20

Table legend: (Time is in decaauts)
 A = Elapsed time spent in this place.
 B = Non-inter-level travel time spent in this place.
 C = Inter-level travel time spent in this place.
 D = Time resting spent in this place.
 E = Time spent auto-exploring this place.
 F = Levels seen in this place.
 G = Mean time per level.
                   A        B        C        D        E       F      G
               +--------+--------+--------+--------+--------+-----+--------+
         Total |    227 |    227 |      0 |     25 |     22 |   3 |   75.7 |
       Dungeon |    227 |    227 |      0 |     25 |     22 |   3 |   75.7 |
               +--------+--------+--------+--------+--------+-----+--------+

Top non-repeatable levels by time:
     D:3: 91 daAuts
     D:5: 69 daAuts
     D:4: 66 daAuts
